 Dungeon Crawl Stone Soup version 0.30-a0-755-g0b50240ab4 (webtiles) character file.

Game seed: 12185153647265581839

10571 KleinerIrrer the Thaumaturge (level 11, -6/82 HPs)
             Began as a Djinni Conjurer on Feb 9, 2023.
             Was an Elder of Makhleb.
             Mangled by a komodo dragon (shapeshifter) (14 damage)
             ... on level 10 of the Dungeon.
             The game lasted 00:39:05 (9843 turns).

KleinerIrrer the Thaumaturge (Djinni Conjurer)      Turns: 9843, Time: 00:39:06

Health: -6/82      AC: 12    Str: 14    XL:     11   Next: 95%
Gold:   439        EV: 10    Int: 25    God:    Makhleb [****..] SH: 15 Dex: 23

rFire   + + +      SeeInvis .    A - +5 rapier of Arbitration {protect, Will+ Str+2}
rCold   x x .      Faith    .    a - +2 kite shield "Olaa" {rElec}
rNeg    . . .      Spirit   .    i - +1 ring mail of Usionwil {rF+ rC- Regen+ Str+6}
rPois   ∞          Reflect  .    x - +0 helmet
rElec   +          Harm     .    t - +2 cloak {Stlth+}
rCorr   .          Rampage  .    K - +0 pair of gloves
Will    ++...                    (boots unavailable)
Stlth   +++                      y - amulet of regeneration
HPRegen 1.93/turn                j - +6 ring of dexterity
MPRegen 0.00/turn                s - +6 ring of dexterity

@: flying
A: sickness immunity, fire resistance 2, cold vulnerability 1, float, innate
caster, HP casting, extra vitality 1
a: Renounce Religion, Minor Destruction, Lesser Servant of Makhleb, Major
Destruction


You were on level 10 of the Dungeon.
You worshipped Makhleb.
Makhleb was greatly pleased with you.
You visited 3 branches of the dungeon, and saw 12 of its levels.
You also visited: Bailey.

You collected 760 gold pieces.
You spent 321 gold pieces at shops.

Inventory:

Hand Weapons
 A - the +5 rapier of Arbitration (weapon) {protect, Will+ Str+2}
   (You found it on level 7 of the Dungeon)

   Str:       It affects your strength (+2).
   Will:      It increases your willpower.
Armour
 a - the +2 kite shield "Olaa" (worn) {rElec}
   (You found it on level 5 of the Dungeon)

   rElec:     It insulates you from electricity.
 i - the +1 ring mail of Usionwil (worn) {rF+ rC- Regen+ Str+6}
   (You found it on level 2 of the Dungeon)

   Str:       It affects your strength (+6).
   rF:        It protects you from fire.
   rC:        It makes you vulnerable to cold.
   Regen:     It increases your rate of health regeneration.
 t - a +2 cloak of stealth (worn)
 w - a +0 leather armour
 x - a +0 helmet (worn)
 K - a +0 pair of gloves (worn)
 N - a +2 buckler of protection
Jewellery
 j - a +6 ring of dexterity (left hand)
 s - a +6 ring of dexterity (right hand)
 y - an amulet of regeneration (around neck)
Wands
 B - a wand of digging (8)
 E - a wand of charming (11)
 G - a wand of quicksilver (6)
Scrolls
 e - 3 scrolls of amnesia {unknown}
 f - a scroll of fear {unknown}
 g - 4 scrolls of enchant weapon
 h - 2 scrolls of teleportation
 k - 4 scrolls of blinking {unknown}
 l - 3 scrolls of magic mapping
 q - a scroll of vulnerability {unknown}
 u - 3 scrolls of poison {unknown}
 v - a scroll of fog {unknown}
 C - a scroll of torment {unknown}
 F - a scroll of enchant armour {unknown}
 H - 2 scrolls of butterflies {unknown}
 I - a scroll of brand weapon {unknown}
 J - a scroll of acquirement
Potions
 b - a potion of magic
 c - a potion of brilliance
 d - 2 potions of might
 m - 4 potions of curing
 n - a potion of heal wounds
 o - 3 potions of attraction
 p - 3 potions of lignification
 r - 2 potions of invisibility
 z - a potion of resistance
 D - 2 potions of mutation {unknown}
 L - a potion of ambrosia {unknown}
 M - a potion of cancellation {unknown}


   Skills:
 + Level 8.4 Fighting
 - Level 5.0 Armour
 - Level 2.1 Dodging
 - Level 1.5 Stealth
 - Level 9.2 Shields
 * Level 9.9 Spellcasting


You had 2 spell levels left.
You knew the following spells:

 Your Spells              Type           Power      Damage    Failure   Level
a - Magic Dart            Conj           100%       1d8       1%          1
b - Searing Ray           Conj           100%       2d8       1%          2
c - Dazzling Flash        Conj/Hex       100%       N/A       1%          3
d - Fulminant Prism       Conj/Hex       29%        3d14      3%          4
e - Iskenderun's Mystic   Conj/Tloc      58%        2d12      3%          4
f - Kiss of Death         Conj/Necr      100%       2d13      1%          1
g - Scorch                Fire           100%       2d10      1%          2
h - Passwall              Tmut/Erth      48%        N/A       1%          2
i - Gell's Gravitas       Tloc           58%        N/A       1%          3
j - Borgnjor's Vile Clut  Necr/Erth      29%        N/A       11%         5
Your spell library was empty.

Dungeon Overview and Level Annotations

Branches:
Dungeon (10/15)            Temple (1/1) D:5            Lair (1/5) D:10
 Bailey (visited)
    Orc: D:9-12

Altars:
Cheibriados
Dithmenos
Gozag
Makhleb
Qazlal
Xom
Yredelemnul
Zin
The Shining One

Shops:
D:2 (=[?   D:4 [   D:5 *(   D:6 [   D:7 [   D:8 (   D:9 *   D:10 !

Annotations:
D:4 1 runed translucent door, Crazy Yiuf
D:10 1 runed translucent door


Innate Abilities, Weirdness & Mutations

You are immune to sickness and miasma.
You are immune to poison.
Your flesh is very heat resistant. (rF++)
You are vulnerable to cold. (rC-)
You float through the air rather than walking.
You learn spells naturally, not from books.
Your magical power is your life essence.
You have superior vitality. (+4 MHP)


Message History

Something smites you!
* * * LOW HITPOINT WARNING * * *
Okay, then.
You feel much better.
Casting: Fulminant Prism (dangerous; 3% risk of failure)
Confirm with . or Enter, or press ? or * to list all spells.
Flames lash the meliai.
The meliai is severely wounded.
The meliai's fire resistance burns away.
The meliai is engulfed in a cloud of scalding steam.
You block the meliai's attack. x2
The meliai is engulfed in a cloud of scalding steam.
The meliai calls down the wrath of its god upon you.
Something smites you!
The meliai is engulfed in a cloud of scalding steam.
The meliai hits you with a +2 war axe of holy wrath!
* * * LOW HITPOINT WARNING * * *
You block the meliai's attack.
The meliai is engulfed in a cloud of scalding steam.
The meliai hits you with a +2 war axe of holy wrath!
* * * LOW HITPOINT WARNING * * *
You block the meliai's attack.
Casting: Scorch (safe; 1% risk of failure)
Confirm with . or Enter, or press ? or * to list all spells.
Flames lash the komodo dragon.
The komodo dragon is moderately wounded.
The komodo dragon's fire resistance burns away.
* * * LOW HITPOINT WARNING * * *
You block the meliai's attack. x2
The meliai is engulfed in a cloud of scalding steam.
The meliai hits you with a +2 war axe of holy wrath!
* * * LOW HITPOINT WARNING * * *
You block the meliai's attack. You block the komodo dragon's attack.
The meliai is engulfed in a cloud of scalding steam.
You kill the meliai!
Makhleb accepts your kill.
You feel better.
You hear a splash. x3
The komodo dragon bites you!
You die...

#...........##......##
.....####...####.....#####
.........................#
.........................#
.(..######......~....~~..####
....## #......~~.~~~~..##.##
.....## #..~~~~)~~≈≈≈.......#
.##...# ##...~§§~~≈≈≈~~......#
####..###....≈≈l@≈≈≈~≈≈~~.#..#
# ##......~~≈~.~.≈.≈≈≈≈~<#..#
#..###..≈≈~....~~≈≈≈~##..#
#..# #.~~≈.~.>.~≈≈≈≈≈##..#
#..# #~.~~~..[[~≈≈≈≈)##..## ##
#..# #..~~~.~..~≈≈≈≈≈.....# .#
#..###..≈≈~.~..~≈≈~~......##
.##
##.......~~≈...~~~~......^.##
..#
##......~≈~≈.~~.~~.........#


You could see a komodo dragon shaped shifter (combustible).

Vanquished Creatures
  A two-headed ogre (D:9)
  An unseen horror (D:9)
  A kobold demonologist (Bailey)
  3 trolls
  A meliai (D:10)
  A hornet (D:7)
  A polar bear (Lair:1)
  Prince Ribbit (D:5)
  2 shadows
  11 yaks
  A wyvern (D:7)
  2 steam dragons (D:7)
  A naga (shapeshifter) (D:10)
  A sky beast (D:7)
  12 orc warriors
  2 black bears
  4 ice beasts
  3 centaurs
  A wolf (Lair:1)
  A phantom (D:6)
  2 kobold brigands
  3 bullfrogs
  A gnoll sergeant (D:10)
  4 scorpions
  A wyvern zombie (D:6)
  10 wights
  20 killer bees
  4 electric eels
  2 howler monkeys
  7 orc priests
  10 hounds
  3 jellies
  A gnoll bouda (D:9)
  5 iguanas
  7 orc wizards
  A killer bee zombie (D:6)
  A mummy (D:5)
  12 gnolls
  9 adders
  A shadow imp (D:6)
  3 white imps
  An ufetubus (D:7)
  A worm (D:2)
  4 dart slugs
  26 orcs
  4 bats
  6 endoplasms
  8 giant cockroaches
  15 goblins
  15 hobgoblins
  9 jackals
  A quokka (D:1)
  5 ball pythons
  7 frilled lizards
  A hobgoblin zombie (D:5)
  14 kobolds
  3 kobold zombies (D:5)
  12 rats
  3 fulminant prisms (Bailey)
293 creatures vanquished.

Vanquished Creatures (others)
  An orc warrior (D:7)
  A human (D:6)
  A centaur (D:7)
  An iguana (D:7)
  A gnoll (D:7)
  41 fulminant prisms
46 creatures vanquished.

Grand Total: 339 creatures vanquished

Notes
Turn   | Place    | Note
-------+----------+-------------------------------------------
     0 | D:1      | KleinerIrrer the Djinni Conjurer began the quest for the
                  | Orb.
     0 | D:1      | KleinerIrrer set off with the following spells memorised:
                  | Magic Dart, Searing Ray, Dazzling Flash, Fulminant Prism,
                  | Iskenderun's Mystic Blast.
     0 | D:1      | Reached XP level 1. HP: 15/15 MP: 0/0
   113 | D:1      | Reached XP level 2. HP: 21/22 MP: 0/0
   359 | D:1      | Reached skill level 1 in Fighting
   485 | D:1      | Reached XP level 3. HP: 27/27 MP: 0/0
   485 | D:1      | Learned a level 1 spell: Kiss of Death
  1005 | D:2      | Found Plog's Antique Armour Boutique.
  1029 | D:2      | Found Corherem's Magic Scroll Shop.
  1041 | D:2      | Bought a scroll of identify for 20 gold pieces
  1041 | D:2      | Bought a scroll of teleportation for 30 gold pieces
  1064 | D:2      | Found Nehi's Assorted Antiques.
  1194 | D:2      | Found Huykux's Jewellery Boutique.
  1208 | D:2      | Reached XP level 4. HP: 27/32 MP: 0/0
  1209 | D:2      | Identified the +1 ring mail of Usionwil {rF+ rC- Regen+
                  | Str+6}
  1485 | D:2      | Found Noryiqoi's Weapon Emporium.
  1758 | D:2      | Reached skill level 1 in Armour
  1758 | D:2      | Reached XP level 5. HP: 33/38 MP: 0/0
  1758 | D:2      | Learned a level 2 spell: Scorch
  1974 | D:3      | Reached XP level 6. HP: 42/44 MP: 0/0
  2256 | D:4      | You are sucked into a shaft and drop 1 floor!
  2256 | D:5      | Entered Level 5 of the Dungeon
  2453 | D:4      | Found a stormy altar of Qazlal.
  2509 | D:4      | Noticed a black bear
  2520 | D:4      | Killed a black bear
  2521 | D:4      | Reached XP level 7. HP: 46/50 MP: 0/0
  2521 | D:4      | Learned a level 2 spell: Passwall
  2758 | D:4      | Reached skill level 5 in Spellcasting
  2871 | D:4      | Found Olleolec's Antique Armour Shoppe.
  2877 | D:4      | Bought an embroidered cloak for 150 gold pieces
  3254 | D:4      | Found a runed translucent door.
  3255 | D:4      | Noticed Crazy Yiuf
  3635 | D:5      | Found Nunent's General Store.
  3657 | D:5      | Found Jepoz's Weapon Shop.
  3861 | D:5      | Noticed Prince Ribbit
  3872 | D:5      | Killed Prince Ribbit
  3873 | D:5      | Reached XP level 8. HP: 35/58 MP: 0/0
  3874 | D:5      | Identified the +2 kite shield "Olaa" {rElec}
  4152 | D:5      | Found a staircase to the Ecumenical Temple.
  4161 | Temple   | Entered the Ecumenical Temple
  4195 | Temple   | Became a worshipper of Makhleb the Destroyer
  4360 | D:6      | Reached skill level 1 in Shields
  4371 | D:6      | Reached skill level 5 in Armour
  4967 | D:6      | Reached XP level 9. HP: 62/63 MP: 0/0
  4967 | D:6      | Learned a level 3 spell: Gell's Gravitas
  5104 | D:6      | Found Ciuchis's Antique Armour Shop.
  5111 | D:6      | Bought a helmet for 121 gold pieces
  5157 | D:6      | Reached * piety under Makhleb
  5226 | D:6      | Reached skill level 5 in Fighting
  5232 | D:6      | Found a basalt altar of Yredelemnul.
  5306 | D:7      | Found a snail-covered altar of Cheibriados.
  5306 | D:7      | Found Cheibriados's Comfort Zone.
  5393 | D:7      | Identified the +5 rapier of Arbitration {protect, Will+
                  | Str+2}
  5427 | D:7      | Reached skill level 5 in Shields
  5427 | D:7      | Noticed a hornet
  5514 | D:7      | Found a shimmering altar of Xom.
  5656 | D:7      | Killed a hornet
  5657 | D:7      | Reached XP level 10. HP: 72/72 MP: 0/0
  5885 | D:7      | Found an opulent altar of Gozag.
  6091 | D:8      | Found Daullu's Antique Weapon Shoppe.
  6371 | D:8      | Reached ** piety under Makhleb
  7243 | D:9      | Noticed a two-headed ogre
  7244 | D:9      | Reached XP level 11. HP: 79/79 MP: 0/0
  7244 | D:9      | Learned a level 5 spell: Borgnjor's Vile Clutch
  7382 | D:9      | Killed a two-headed ogre
  7402 | D:9      | Found a flagged portal.
  7408 | Bailey   | Entered a bailey
  7733 | Bailey   | Noticed an orc high priest
  7754 | Bailey   | Reached *** piety under Makhleb
  8081 | Bailey   | Found an iron altar of Okawaru.
  8089 | Bailey   | Noticed a sun demon
  8245 | D:9      | Found Maggatew's Elemental Accessories.
  8982 | D:10     | Entered Level 10 of the Dungeon
  8983 | D:10     | Found a staircase to the Lair.
  9016 | Lair:1   | Entered Level 1 of the Lair of Beasts
  9038 | Lair:1   | Reached **** piety under Makhleb
  9183 | D:10     | Found Lyreb's Distillery.
  9803 | D:10     | Found a runed translucent door.
  9803 | D:10     | Noticed a death knight
  9817 | D:10     | Noticed a green ugly thing
  9837 | D:10     | HP: 1/82 [meliai/divine providence (13)]
  9842 | D:10     | HP: 1/82 [meliai/+2 war axe of holy wrath (12)]
  9843 | D:10     | Mangled by a komodo dragon (shapeshifter)

Illustrated notes

Levels and vault maps discovered:
D:1:      erik_arrival_orb_chamber, layout_loops_ring, hex_medium
D:2:      minmay_door_path, layout_basic, serial_shops, shop,
          nicolae_square_shop, nicolae_shop_trees,
          nicolae_shop_advertising_works [nicolae_subvault_shop_adworks], shop
D:3:      layout_rooms
D:4:      layout_layer_cave, nicolae_qazlal_eye_of_the_storm, serial_shops,
          shop_statue, uniq_crazy_yiuf_cottage
D:5:      layout_basic, lemuel_temple_firewalk_a, serial_shops,
          nicolae_shop_bloodbath_and_beyond, shop, minmay_mini_ossuary,
          uniq_prince_ribbit1
D:6:      layout_rooms, lemuel_zombie_altar_yredelemnul, tgw_kikubaaqudgha,
          serial_shops, shop
D:7:      layout_rooms, grunt_gozag_statues, xom_confusion_cloud,
          minmay_shop_chei
D:8:      layout_layer_cave, serial_shops, nicolae_square_shop
D:9:      layout_basic, enter_bailey_3, minmay_misc_feat_square,
          nicolae_elemental_shop
D:10:     minmay_the_grid_triangle_9x9_rhombus_thin_mashed
          [minmay_the_grid_triangle_9x9_tough_junction,
          minmay_the_grid_triangle_9x9_prize_insulated,
          minmay_the_grid_triangle_9x9_skeleton,
          minmay_the_grid_triangle_9x9_shrine], layout_layer_cave,
          erik_lair_island, serial_shops, shop
Temple:   bh_familiar_temple
Lair:1:   dragon1_lemuel, layout_cellular_growth, lemuel_fruit_tree,
          grunt_megastairs_5, infiniplex_staircase_pool_2

Skill      XL: |  1  2  3  4  5  6  7  8  9 10 11 |
---------------+----------------------------------+-----
Fighting       | 1 2 3 4 5 7 8 |  8.4
Spellcasting   | 4 5 6 7 8 9 |  9.9
Armour         | 1 2 3 4 5 |  5.0
Shields        | 3 6 8 9 |  9.2
Dodging        | |  2.1
Stealth        | |  1.5

Action                     |  1- 3 |  4- 6 |  7- 9 | 10-12 || total
---------------------------+-------+-------+-------+-------++-------
  Melee: Dagger            |       |       |     9 |       ||     9
         Rapier            |       |       |       |     3 ||     3
   Cast: Magic Dart        |    65 |    88 |   165 |   127 ||   445
         Searing Ray       |     1 |       |       |     4 ||     5
         Scorch            |       |    21 |    90 |   189 ||   300
         Passwall          |       |       |     1 |       ||     1
         Dazzling Flash    |       |       |       |     7 ||     7
         Fulminant Prism   |       |       |       |    45 ||    45
    Use: Scroll            |     2 |     3 |     5 |     3 ||    13
         Potion            |       |       |       |     2 ||     2
 Armour: Robe              |     4 |       |       |       ||     4
         Ring mail         |       |    25 |    40 |   108 ||   173
  Dodge: Dodged            |     3 |    30 |    40 |   109 ||   182
  Block: Buckler           |       |     6 |     3 |       ||     9
         Kite shield       |       |       |    72 |   255 ||   327

Table legend: (Time is in decaauts)
 A = Elapsed time spent in this place.
 B = Non-inter-level travel time spent in this place.
 C = Inter-level travel time spent in this place.
 D = Time resting spent in this place.
 E = Time spent auto-exploring this place.
 F = Levels seen in this place.
 G = Mean time per level.
                   A        B        C        D        E       F      G
               +--------+--------+--------+--------+--------+-----+--------+
         Total |   9860 |   9192 |    668 |    315 |   6261 |  13 |  758.5 |
       Dungeon |   8940 |   8293 |    647 |    296 |   6186 |  10 |  894.0 |
        Temple |     53 |     32 |     21 |      0 |     28 |   1 |   53.0 |
          Lair |     54 |     54 |      0 |     17 |      0 |   1 |   54.0 |
        Bailey |    812 |    812 |      0 |      2 |     47 |   1 |  812.0 |
               +--------+--------+--------+--------+--------+-----+--------+

Top non-repeatable levels by time:
     D:8: 1266 daAuts
     D:4: 1196 daAuts
     D:5: 1167 daAuts
     D:9: 1014 daAuts
     D:2: 923 daAuts
     D:1: 835 daAuts
  Bailey: 812 daAuts
    D:10: 761 daAuts
     D:6: 697 daAuts
     D:7: 620 daAuts
     D:3: 457 daAuts
  Lair:1: 54 daAuts
  Temple: 53 daAuts
